Unix NetHack Version 3.7.0-88 Work-in-progress - last build Aug 6 2023 13:40:22 (5c9c4c7fffe0d5f0a8b1342c2a36a56ed743986a,branch:master). Game began 2023-08-14 20:15:16, ended 2023-08-14 20:31:25. Ashpool, neutral male gnomish Archeologist ----- ---.f@| ..|---.....| -.|....|.f-- ---.....-|.-- |.........|-- |....|.--- ..|..----- ...|.%| .....-- .....| .---- Ashpool the Field Worker St:15 Dx:9 Co:11 In:17 Wi:16 Ch:9 Neutral Dlvl:7 $:0 HP:0(32) Pw:20(20) AC:1 Xp:5/255 T:2354 Latest messages: A trap door in the ceiling opens and a rock falls on your head! Your fedora does not protect you. You descend the stairs. You hear crashing rock. Your lantern is getting dim. You hear a door open. The dog just misses! You miss the dog. The dog misses! You miss the dog. The dog bites! You hit the dog! The dog misses! The dog misses! You hit the dog! The dog bites! You kill the dog! Behemoth misses the yellow mold. Behemoth staggers... Behemoth bites the yellow mold. The yellow mold is killed! You hear crashing rock. Please move the cursor to an unknown object. (For instructions type a '?') You hear some noises in the distance. You climb up the stairs. The air crackles around the gnomish wizard. Your lantern is getting dim. Your lantern is getting dim. You descend the stairs. It bites the jaguar. You miss the jaguar. The jaguar hits! The jaguar hits again! The jaguar bites! Behemoth bites the jaguar. The jaguar hits Behemoth. The jaguar misses Behemoth. The jaguar misses Behemoth. You miss the jaguar. The jaguar hits! The jaguar hits again! The jaguar misses! You miss the jaguar. The jaguar hits! The jaguar hits again! The jaguar misses! The jaguar hits! The jaguar hits again! You die... Inventory: Weapons (')') s - an uncursed +0 elven dagger a - an uncursed +2 bullwhip (alternate weapon; not wielded) A - an uncursed +0 dwarvish mattock (weapon in hands) Armor ('[') c - an uncursed +0 fedora (being worn) x - an uncursed +1 pair of iron shoes (being worn) K - an uncursed +0 mummy wrapping o - an uncursed +0 dwarvish mithril-coat (being worn) Comestibles ('%') d - 2 uncursed food rations Tools ('(') z - an uncursed sack containing 6 items y - a blessed brass lantern (lit) v - an uncursed tallow candle f - an uncursed tinning kit (0:37) H - an uncursed towel Gems/Stones ('*') E - 2 uncursed black opals C - an uncursed obsidian stone J - an uncursed ruby I - an uncursed worthless piece of orange glass g - an uncursed touchstone Contents of the sack: 194 gold pieces an uncursed scroll of enchant weapon an uncursed scroll of identify an uncursed scroll of punishment an uncursed scroll of scare monster an uncursed ring of polymorph control Ashpool the Archeologist's attributes: Background: You were a Field Worker, a level 5 male gnomish Archeologist. You were neutral, nominally on a mission for Camaxtli who was opposed by Quetzalcoatl (lawful) and Huhetotl (chaotic). You were in the Gnomish Mines, on level 7. You entered the dungeon 2354 turns ago. You had 255 experience points, 65 more were needed to attain level 6. Basics: You had 0 out of 32 hit points. You had all 20 energy points (spell power). Your armor class was 1. Your wallet was empty, but you had 194 zorkmids stashed away in your pack. Autopickup was on for '$"?' plus thrown, with exceptions. Final Characteristics: Your strength was 15 (limit:18/50). Your dexterity was 9 (peak:10, limit:18). Your constitution was 11 (limit:18). Your intelligence was 17 (limit:19). Your wisdom was 16 (limit:18). Your charisma was 9 (limit:18). Final Status: You were not hungry. You were unencumbered. You were wielding a mattock. You had basic skill with pick-axe. Final Attributes: You were piously aligned. You had automatic searching. You had infravision. You were stealthy. You were guarded. You are dead. Miscellaneous: You disabled loading of bones levels. Total elapsed playing time was 16 minutes and 8 seconds. Major events: Turn 1: Ashpool the neutral male gnomish Archeologist entered the dungeon 803: entered the Gnomish Mines 1054: attained the rank of Field Worker (level 3) 2260: reached Mine Town 2354: killed by a jaguar Vanquished creatures: a leprechaun a dog a rock piercer a pony a shrieker a gnome leader a kobold mummy 3 gray oozes 6 dwarves 4 rothes an iguana an acid blob 5 hobbits 3 manes a hobgoblin a yellow mold 7 gnomes a garter snake a gnome zombie 6 geckos 2 jackals a kobold 2 goblins 2 sewer rats 7 grid bugs 3 lichens a kobold zombie 4 newts 69 creatures vanquished. No species were genocided or became extinct. Voluntary challenges: You were an atheist. You read items or engraved 2 times. You engraved Elbereth 1 time. You never genocided any monsters. You never polymorphed an object. You never changed form. You used no wishes. Achievements: You entered a shop. You entered the Gnomish Mines. You attained the rank of Field Worker. You entered Minetown. The Dungeons of Doom: levels 1 to 4 Level 1: Level 2: A general store, a fountain. Level 3: Stairs down to The Gnomish Mines. Level 4: The Gnomish Mines: levels 4 to 7 Level 4: Level 5: "s" Level 6: Level 7: <- You were here. Final resting place for you, killed by a jaguar. Game over: ---------- / \ / REST \ / IN \ / PEACE \ / \ | Ashpool | | 194 Au | | killed by a | | jaguar | | | | | | 2023 | *| * * * | * _________)/\\_//(\/(/\)/\//\/|_)_______ Goodbye Ashpool the Archeologist... You died in The Gnomish Mines on dungeon level 7 with 1495 points, and 194 pieces of gold, after 2354 moves. You were level 5 with a maximum of 32 hit points when you died.